cohdb
Replays
Latest Replays
All Replays
Popular Replays
Top Player Replays
Match Explorer
How It Works
Community
CoH3 Stats
Reddit
Sign in to upload your games and track your stats! →
Sign in with Steam
Match 43274376
Unlisted
Match 43274376
Overview
Messages
Build Orders
End
Panzerpioneer Squad
250 Light Carrier
Panzergrenadier Squad
Construct Light Support Kompanie
Construct Light Support Kompanie
Panzergrenadier Squad
Construct Mechanized Kompanie
Panzergrenadier Squad
Veteran Squad Leaders
Selects Battlefield Espionage Battlegroup
Selects 250/3 Funkpanzerwagen
2.5-tonne Medical Truck
Marder III Tank Destroyer
Selects Advanced Ambush Training
Fire Support Elements
StuG III D Assault Gun
Panzerjäger Mechanized Group
Construct Panzerarmee Kommand
Panzergrenadier Squad
Selects Operation Skorpion
Walking Stuka Rocket Launcher
Selects Intel Disruption Beacon
Anna
MK
Gremchick
Граф Гематоген
Darius
M!ghtyM0e
SILENCE
VskrivatelEby4ek
0
0
Comments
sign in to comment!
No comments posted yet!